 Dungeon Crawl Stone Soup version 0.21-a0-94-gdd6ab6a (webtiles) character file.

1857 Musica the Blocker (level 9, -5/48 HPs)
             Began as a Gargoyle Fighter on July 3, 2017.
             Was a Follower of Hepliaklqana.
             Slain by Squibie's ghost (9 damage)
             ... in a bailey.
             The game lasted 00:22:04 (3775 turns).

Musica the Blocker (Gargoyle Fighter)               Turns: 3775, Time: 00:22:05

Health: -5/48      AC: 13    Str: 21    XL:     9   Next: 13%
Magic:  11/12      EV: 10    Int:  9    God:    Hepliaklqana [*.....]
Gold:   275        SH: 11    Dex: 11    Spells: 11/12 levels left

rFire    . . .     SeeInvis +   p - +0 dagger (elec)
rCold    . . .     Gourm    .   c - +0 shield
rNeg     + . .     Faith    .   i - +1 leather armour
rPois    ∞         Spirit   .   n - +0 helmet {SInv}
rElec    +         Reflect  .   w - +0 cloak
rCorr    .         Harm     .   (no gloves)
MR       .....     Rnd*Tele +   H - +0 pair of boots
Stlth    +.........             k - amulet of regeneration
HPRegen  0.56/turn              u - +1 ring of evasion
MPRegen  0.13/turn              E - ring of teleportation (curse)

@: no status effects
A: reduced essence, negative energy resistance 1, electricity resistance,
unbreathing, petrification resistance, rot immunity, AC +5
a: Recall Ancestor, Ancestor Identity, Renounce Religion


You were in a bailey.
You worshipped Hepliaklqana.
Hepliaklqana was aware of your devotion.
You were not hungry.

You visited 2 branches of the dungeon, and saw 8 of its levels.
You also visited: Bailey.

You collected 275 gold pieces.

Inventory:

Hand Weapons
 a - a +1 flail
 j - a cursed -2 hunting sling
 o - a +2 quarterstaff of chaos
 p - a +0 dagger of electrocution (weapon)
 G - a +1 antimagic war axe
 J - a +5 scythe of venom
 L - a +2 whip of flaming
Missiles
 g - 59 arrows
 q - 11 tomahawks (quivered)
 r - 23 sling bullets
 B - a throwing net
 D - 17 poisoned needles
 M - 7 curare-tipped needles
Armour
 b - a +0 scale mail
 c - a +0 shield (worn)
 i - a +1 leather armour (worn)
 n - a +0 helmet of see invisible (worn)
 w - a +0 cloak (worn)
 x - a +2 robe of the Archmagi
 H - a +0 pair of boots (worn)
Jewellery
 k - an amulet of regeneration (around neck)
 m - an uncursed ring of magical power
 u - a +1 ring of evasion (left hand)
 E - a cursed ring of teleportation (right hand)
Wands
 A - a wand of disintegration (6/24)
Scrolls
 e - 2 scrolls of identify
 h - 2 scrolls of amnesia
 t - 2 scrolls of teleportation
 z - a scroll of enchant armour
Potions
 l - a potion of flight
 I - a potion of curing
Books
 y - a book of Necromancy

   Spells                             Type                      Level
   a - Pain                           Necromancy                   1
   b - Animate Skeleton               Necromancy                   1
   c - Vampiric Draining              Necromancy                   3
   d - Regeneration                   Charms/Necromancy            3
   e - Animate Dead                   Necromancy                   4
   f - Control Undead                 Necromancy                   4
Comestibles
 f - 4 bread rations
 v - a royal jelly
 F - 2 meat rations
 K - 3 chunks of flesh


   Skills:
 + Level 5.4 Fighting
 + Level 5.8 Short Blades
 + Level 3.0 Maces & Flails
 + Level 0.6 Throwing
 - Level 3.6 Armour
 + Level 8.3 Shields
 * Level 2.4 Spellcasting
 * Level 1.9 Necromancy


You had 11 spell levels left.
You knew the following spells:

 Your Spells              Type           Power        Failure   Level  Hunger
a - Animate Skeleton      Necr           N/A          36%         1    ##.....


Dungeon Overview and Level Annotations

Branches:
Dungeon (7/15)             Temple (1/1) D:4

Altars:
Ashenzari
Cheibriados
Dithmenos
Elyvilon
Fedhas
Gozag
Hepliaklqana
Nemelex Xobeh
Trog
Uskayaw
Vehumet
Wu Jian
Xom
Yredelemnul
Zin
The Shining One

Annotations:
Bailey Squibie's ghost, journeyman DgGl


Innate Abilities, Weirdness & Mutations

You are resistant to torment.
Your stone body is resilient. (AC +5)
You are immune to poison.
You resist negative energy. (rN+)
You are resistant to electric shocks. (rElec)
You can survive without breathing.
You are immune to petrification.
You are immune to rotting.
Your life essence is reduced to manifest your ancestor. (-10% HP)


Message History

You feel less wooden.
Your +0 cloak unmelds from your body.
Your +0 helmet of see invisible unmelds from your body.
Your +0 pair of boots unmelds from your body.
Your +1 leather armour unmelds from your body.
You feel perceptive.
You feel yourself slow down.
Yamquzzuhalamma completely misses Squibie's ghost.
Unknown command.
Yamquzzuhalamma completely misses Squibie's ghost.
There is an empty arch of ancient stone here.
Evoke which item? (* to show all) (? for menu, Esc to quit)
Aiming: Disintegrate (will waste charges)
Press: ? - help, Shift-Dir - straight line, f - Squibie's ghost
Aim: Squibie's ghost (lightly damaged, chance to defeat MR: 21%) Squibie's ghost resists with almost no effort.
Evoking this partially-identified wand wasted a few charges.
Squibie's ghost makes a sound of rattling chains.
Squibie's ghost hits you!
You die...

#####
###...###
##.......##
#...R.....#
#...W@....#
#.........#
##.......##
##.....##
#...###
...## ...##
...#


You could see the friendly Yamquzzuhalamma the ancestor and Squibie's ghost.

Vanquished Creatures
  Pikel (D:5)
  A hippogriff (D:7)
  Eustachio (D:4)
  2 ogres
  Blork the orc (D:6)
  A water moccasin zombie (D:5)
  A scorpion (D:4)
  A howler monkey (D:7)
  A crimson imp (D:6)
  2 centaur skeletons (D:5)
  A hound (D:6)
  3 orc wizards
  Crazy Yiuf (D:2)
  An iguana (D:4)
  Robin (D:1)
  An adder (D:3)
  3 gnolls (D:5)
  An adder skeleton (D:5)
  2 worms
  4 leopard geckos
  5 orcs
  3 ball pythons
  11 bats
  4 giant cockroaches
  18 goblins
  14 hobgoblins
  2 jackals (D:3)
  5 kobolds
  A quokka (D:3)
  5 frilled lizards
  A goblin skeleton (D:2)
  A kobold skeleton (D:2)
  A kobold zombie (D:2)
  7 rats
108 creatures vanquished.

Vanquished Creatures (collateral kills)
  Sigmund (D:4)
  2 ogres (D:5)
  A bullfrog zombie (D:5)
  A gnoll (D:5)
5 creatures vanquished.

Vanquished Creatures (others)
  2 ancestors (D:5)
  A dart slug (D:2)
  5 orcs (D:5)
8 creatures vanquished.

Grand Total: 121 creatures vanquished

Notes
Turn   | Place    | Note
-------+----------+-------------------------------------------
     0 | D:1      | Musica the Gargoyle Fighter began the quest for the Orb.
     0 | D:1      | Reached XP level 1. HP: 14/14 MP: 1/1
   369 | D:2      | Noticed Robin
   373 | D:1      | Reached XP level 2. HP: 17/19 MP: 2/2
   682 | D:2      | Reached XP level 3. HP: 15/23 MP: 3/3
   723 | D:1      | Killed Robin
   789 | D:2      | Reached skill level 4 in Shields
   830 | D:2      | Found a runed door.
   852 | D:2      | Reached XP level 4. HP: 28/28 MP: 4/4
   893 | D:2      | Found a runed door.
   893 | D:2      | Noticed a human
   902 | D:2      | Found a basalt altar of Yredelemnul.
  1188 | D:2      | Noticed Crazy Yiuf
  1192 | D:2      | Killed Crazy Yiuf
  1489 | D:3      | Reached XP level 5. HP: 32/33 MP: 5/5
  1608 | D:3      | Reached skill level 5 in Shields
  1921 | D:5      | Entered Level 5 of the Dungeon
  1930 | D:4      | Found a staircase to the Ecumenical Temple.
  1939 | Temple   | Entered the Ecumenical Temple
  2141 | Temple   | Became a worshipper of Hepliaklqana the Forgotten
  2258 | D:4      | Noticed Eustachio
  2269 | D:4      | Killed Eustachio
  2269 | D:4      | Reached XP level 6. HP: 30/34 MP: 6/6
  2562 | D:4      | Reached skill level 6 in Shields
  2757 | D:4      | Noticed Sigmund
  2767 | D:4      | Killed Sigmund
  2767 | D:4      | Reached XP level 7. HP: 29/39 MP: 7/7
  2992 | D:5      | Reached * piety under Hepliaklqana
  3110 | D:5      | Reached skill level 7 in Shields
  3221 | D:5      | Learned a level 1 spell: Animate Skeleton
  3257 | D:5      | Noticed Pikel
  3272 | D:5      | Killed Pikel
  3272 | D:5      | Reached skill level 1 in Spellcasting
  3272 | D:5      | Reached skill level 1 in Necromancy
  3272 | D:5      | Reached XP level 8. HP: 43/43 MP: 7/10
  3426 | D:5      | Reached skill level 5 in Fighting
  3426 | D:5      | Reached skill level 5 in Short Blades
  3525 | D:6      | Noticed Blork the orc
  3535 | D:6      | Killed Blork the orc
  3601 | D:6      | Reached skill level 8 in Shields
  3650 | D:7      | Noticed a hippogriff
  3663 | D:7      | Killed a hippogriff
  3663 | D:7      | Reached XP level 9. HP: 41/48 MP: 12/12
  3667 | D:7      | Found an opulent altar of Gozag.
  3689 | D:7      | Found a flagged portal.
  3757 | Bailey   | Entered a bailey
  3757 | Bailey   | Noticed Squibie's ghost (journeyman DgGl)
  3772 | Bailey   | HP: 3/72 [Squibie's ghost (12)]
  3775 | Bailey   | Slain by Squibie's ghost

Vault maps used:
D:1:      lightli_arrival_lavapool
D:2:      grunt_ministairs_1, dk_yredelemnul_ordeal, uniq_crazy_yiuf_cottage,
          uniq_robin
D:4:      minmay_temple_entry_junction_2, first_bread, uniq_sigmund,
          uniq_eustachio
D:5:      uniq_pikel
D:6:      uniq_blork_the_orc
D:7:      minmay_overflow_temple_hex, enter_bailey_3, grunt_gozag_statues
Temple:   regret_index_temple_waves
Bailey:   bailey_axe_4, bailey

Skill      XL: |  1  2  3  4  5  6  7  8 |
---------------+-------------------------+-----
Maces & Flails | 3 |  3.0
Shields        | 4 5 6 7 8 |  8.3
Fighting       | 4 5 |  5.4
Short Blades   | 2 3 4 5 |  5.8
Spellcasting   | 1 2 |  2.4
Necromancy     | 1 |  1.9
Throwing       | |  0.6
Armour         | |  3.6

Action                   |  1- 3 |  4- 6 |  7- 9 || total
-------------------------+-------+-------+-------++-------
Melee: Flail             |   115 |       |       ||   115
       Dagger            |    19 |   157 |   150 ||   326
Throw: Tomahawk          |       |     5 |       ||     5
Invok: Recall Ancestor   |       |       |     1 ||     1
Evoke: Wand              |       |       |     1 ||     1
  Use: Scroll            |     8 |     1 |     2 ||    11
       Potion            |     2 |     4 |     9 ||    15
  Eat: Chunk             |       |     3 |     3 ||     6
       Fruit             |       |     4 |       ||     4
Armor: Scale mail        |    20 |       |       ||    20
       Leather armour    |    85 |    70 |    30 ||   185
       Skin              |       |       |     3 ||     3
Dodge: Dodged            |    78 |    51 |    40 ||   169
Block: Shield            |   101 |    71 |    59 ||   231
